 Dungeon Crawl Stone Soup version 0.29.1-15-g9cfb28693d (webtiles) character file.

Game seed: 17291737730533005489

5660 cowcol the Cleaver (level 10, -6/135 HPs)
             Began as a Minotaur Fighter on Mar 27, 2023.
             Was a Believer of Okawaru.
             Mangled by a skeletal warrior
             ... wielding a +2 dire flail of protection
              (8 damage)
             ... on level 8 of the Dungeon.
             The game lasted 00:20:51 (11328 turns).

cowcol the Cleaver (Minotaur Fighter)              Turns: 11328, Time: 00:20:51

Health: -6/135     AC: 29    Str: 24    XL:     10   Next: 46%
Magic:  12/12      EV:  2    Int:  5    God:    Okawaru [**....]
Gold:   1802       SH:  4    Dex: 11    Spells: 9/9 levels left

rFire   . . .      SeeInvis .   a - +0 war axe
rCold   . . .      Faith    .   c - +0 buckler
rNeg    . . .      Spirit   .   (body armour currently unavailable)
rPois   +          Reflect  .   (helmet currently unavailable)
rElec   .          Harm     .   (cloak currently unavailable)
rCorr   .          Rampage  .   (gloves currently unavailable)
Will    .....      Rage     3%  (boots currently unavailable)
Stlth   +......... NoTele   +   (no amulet)
HPRegen 0.32/turn               w - +4 ring of protection
MPRegen 0.13/turn               (no ring)

@: tree-form
A: stationary, stasis, torment immunity, boosted hp, (horns 2), (retaliatory
headbutt), (camouflage 1), berserk 1
a: Renounce Religion, Heroism


You were on level 8 of the Dungeon.
You worshipped Okawaru.
Okawaru was pleased with you.
You were a tree.
You visited 2 branches of the dungeon, and saw 9 of its levels.

You collected 1802 gold pieces.

Inventory:

Hand Weapons
 a - a +0 war axe (weapon)
Missiles
 j - 5 boomerangs of dispersal
 r - 8 poisoned darts (quivered)
Armour
 b - a +0 scale mail
 c - a +0 buckler (worn)
 e - the +2 pair of gloves "Nuwes" (melded) {rC+ Dex+4 SInv Stlth-}
   (You acquired it on level 1 of the Dungeon)

   Dex:       It affects your dexterity (+4).
   rC:        It protects you from cold.
   SInv:      It lets you see invisible.
   Stlth:     It makes you less stealthy.
 i - a +0 cloak (melded)
 k - a +0 chain mail (melded)
 q - a +1 pair of boots (melded)
Jewellery
 t - a ring of flight
 w - a +4 ring of protection (left branch)
Wands
 d - a wand of paralysis (9)
 p - a wand of polymorph (3)
 x - a wand of flame (16)
Scrolls
 f - a scroll of poison
 n - a scroll of teleportation
 o - a scroll of magic mapping
 u - a scroll of fear
 z - a scroll of silence
Potions
 g - 4 potions of flight
 h - a potion of brilliance
 m - a potion of lignification
 v - a potion of curing {unknown}


   Skills:
 + Level 8.5 Fighting
 + Level 13.2 Axes
 - Level 1.0 Throwing
 + Level 10.4 Armour
 - Level 3.6 Shields
 - Level 4.0 Invocations


You had 9 spell levels left.
You didn't know any spells.
Your spell library contained the following spells:

 Spells                   Type           Power      Damage    Failure   Level
 Anguish                  Hex/Necr       0%         N/A       100%        4
 Enfeeble                 Hex            0%         N/A       100%        7


Dungeon Overview and Level Annotations

Branches:
Dungeon (8/15)             Temple (1/1) D:7
   Lair: D:8-11

Altars:
Cheibriados
Dithmenos
Elyvilon
Fedhas
Kikubaaqudgha
Nemelex Xobeh
Okawaru
Qazlal
Ru
Sif Muna
Uskayaw
Vehumet
Xom
Yredelemnul
Zin
The Shining One


Innate Abilities, Weirdness & Mutations

You are a tree.
Your roots penetrate the ground, keeping you stationary.
You cannot be teleported.
You are immune to unholy pain and torment.
Your maximum health is greatly increased.
Your equipment is partially melded.
((You have a pair of horns on your head.))
((You reflexively headbutt those who attack you in melee.))
((Your skin changes colour to match your surroundings (Stealth+).))
You sometimes lose your temper in combat.


Message History

The skeletal warrior hits you but does no damage.
You hit the skeletal warrior but do no damage.
The skeletal warrior is heavily damaged.
The skeletal warrior hits you with a +2 dire flail of protection!
* * * LOW HITPOINT WARNING * * *
You slash the skeletal warrior!
The skeletal warrior is heavily damaged.
The skeletal warrior hits you with a +2 dire flail of protection!
* * * LOW HITPOINT WARNING * * *
You hit the skeletal warrior.
Your headbutt misses the skeletal warrior.
The skeletal warrior is severely damaged.
The skeletal warrior completely misses you.
You slash the skeletal warrior!
The skeletal warrior is severely damaged.
The skeletal warrior hits you with a +2 dire flail of protection.
* * * LOW HITPOINT WARNING * * *
You hit the skeletal warrior but do no damage.
You headbutt the skeletal warrior, but do no damage.
The skeletal warrior is severely damaged.
You hit the skeletal warrior. You headbutt the skeletal warrior.
The skeletal warrior is almost destroyed.
The skeletal warrior hits you with a +2 dire flail of protection.
* * * LOW HITPOINT WARNING * * *
Really quaff the potion of lignification?
You turn into a tree.
Your +0 cloak melds into your body.
The +2 pair of gloves "Nuwes" {rC+ Dex+4 SInv Stlth-} melds into your body.
Your +1 pair of boots melds into your body.
Your +0 chain mail melds into your body.
Your roots penetrate the ground.
The skeletal warrior hits you with a +2 dire flail of protection.
* * * LOW HITPOINT WARNING * * *
You barely miss the skeletal warrior.
The skeletal warrior is severely damaged.
The skeletal warrior hits you with a +2 dire flail of protection.
* * * LOW HITPOINT WARNING * * *
You barely miss the skeletal warrior.
The skeletal warrior is severely damaged.
The skeletal warrior hits you with a +2 dire flail of protection!
You die...

#.#<.....# #.#.# #.
#.##)############.#.# #.
#.#).).......#.##.#.####
#.#..#######............
#[#..# #............ #.#..#
#............ #.#..#
#............
#.#..#######............
#.#..oz♣...............#
##.#...########..........
.Y.##......##################
#.Y..............
###.#.#..........
#...#..........
.$......(#...#..
#.#........#...#.
#.#####.....#z./#


You could see a skeletal warrior and an orc priest.

Vanquished Creatures
  A boulder beetle (D:8)
  A centaur warrior (D:8)
  Amaemon (D:8)
  An orange demon (D:8)
  2 yaks (D:8)
  Grum (D:8)
  An acid dragon (D:8)
  3 water moccasins
  8 black bears
  2 ogres (D:4)
  A centaur (D:6)
  2 wolves (D:7)
  3 phantoms
  A kobold brigand (D:8)
  A scorpion (D:6)
  A bullfrog (D:8)
  A wight (D:8)
  A killer bee (D:8)
  10 howler monkeys
  2 orc priests
  5 hounds
  3 jellies
  2 gnoll boudas
  3 iguanas
  2 orc wizards
  7 gnolls
  11 adders
  A shadow imp (D:6)
  3 white imps
  4 worms
  14 orcs
  4 bats
  6 endoplasms
  2 giant cockroaches
  6 goblins
  3 hobgoblins
  3 quokkas
  9 ball pythons
  3 frilled lizards
  5 kobolds
  4 rats
144 creatures vanquished.

Vanquished Creatures (others)
  An ogre (D:5)
  A fungus (D:1)
  60 plants (D:4)
62 creatures vanquished.

Grand Total: 206 creatures vanquished

Notes
Turn   | Place    | Note
-------+----------+-------------------------------------------
     0 | D:1      | cowcol the Minotaur Fighter began the quest for the Orb.
     0 | D:1      | Reached XP level 1. HP: 19/19 MP: 0/0
   362 | D:1      | Reached XP level 2. HP: 20/27 MP: 1/1
   785 | D:1      | Identified a scroll of acquirement
   786 | D:1      | Acquired the +2 pair of gloves "Nuwes" {rC+ Dex+4 SInv
                  | Stlth-}
  1114 | D:1      | Found a faded altar of an unknown god.
  1323 | D:2      | Reached skill level 3 in Axes
  1340 | D:2      | Reached XP level 3. HP: 26/33 MP: 2/2
  1910 | D:2      | Reached XP level 4. HP: 41/41 MP: 3/3
  2433 | D:3      | Reached skill level 4 in Axes
  2439 | D:3      | Reached skill level 1 in Throwing
  2740 | D:3      | Reached XP level 5. HP: 47/47 MP: 4/4
  2768 | D:3      | Found a snail-covered altar of Cheibriados.
  3278 | D:4      | Noticed a black bear
  3279 | D:4      | Noticed an ogre
  3292 | D:4      | Killed an ogre
  3293 | D:4      | Reached skill level 5 in Axes
  3293 | D:4      | Reached skill level 5 in Armour
  3297 | D:4      | Killed a black bear
  3298 | D:4      | Reached skill level 6 in Axes
  3298 | D:4      | Reached XP level 6. HP: 32/55 MP: 5/5
  3303 | D:4      | Reached skill level 5 in Fighting
  3726 | D:4      | Found a hide-covered altar of Uskayaw.
  3741 | D:4      | Reached XP level 7. HP: 61/61 MP: 6/6
  4084 | D:4      | Reached skill level 7 in Axes
  4259 | D:5      | Entered Level 5 of the Dungeon
  4287 | D:5      | Found a shadowy altar of Dithmenos.
  5472 | D:5      | Acquired 1285 gold pieces
  5502 | D:5      | Noticed a human
  5503 | D:5      | Found a runed translucent door.
  5511 | D:5      | Found a basalt altar of Yredelemnul.
  5761 | D:5      | Reached skill level 8 in Axes
  6364 | D:6      | Reached XP level 8. HP: 68/69 MP: 7/7
  6691 | D:6      | Reached skill level 9 in Axes
  7941 | D:6      | Reached skill level 10 in Axes
  8391 | D:7      | Reached XP level 9. HP: 74/78 MP: 8/8
  8481 | D:7      | Found a staircase to the Ecumenical Temple.
  8489 | Temple   | Entered the Ecumenical Temple
  8524 | Temple   | Became a worshipper of Warmaster Okawaru
  8751 | D:7      | Reached skill level 11 in Axes
  8825 | D:8      | Noticed a centaur warrior
  8839 | D:8      | Killed a centaur warrior
  8845 | D:8      | Noticed a skeletal warrior
  9101 | D:8      | Reached * piety under Okawaru
  9139 | D:8      | Reached skill level 12 in Axes
  9584 | D:8      | Noticed an orange demon
 10007 | D:8      | Noticed Amaemon
 10022 | D:8      | Killed Amaemon
 10022 | D:8      | Reached ** piety under Okawaru
 10023 | D:8      | Reached XP level 10. HP: 67/88 MP: 9/11
 10453 | D:8      | Killed an orange demon
 10664 | D:8      | Noticed Grum
 10705 | D:8      | Killed Grum
 10706 | D:8      | Reached skill level 10 in Armour
 10930 | D:8      | Gained mutation: Armour fits poorly on your strangely
                  | shaped body. [potion of mutation]
 10930 | D:8      | Gained mutation: You expend magic power (3 MP) to
                  | strengthen your wands. [potion of mutation]
 10930 | D:8      | Gained mutation: You are partially covered in iridescent
                  | scales. (AC +2) [potion of mutation]
 10931 | D:8      | Lost mutation: You expend magic power (3 MP) to strengthen
                  | your wands. [potion of mutation]
 10931 | D:8      | Lost mutation: Armour fits poorly on your strangely shaped
                  | body. [potion of mutation]
 10931 | D:8      | Lost mutation: You are partially covered in iridescent
                  | scales. (AC +2) [potion of mutation]
 10931 | D:8      | Gained mutation: You sometimes lose your temper in combat.
                  | [potion of mutation]
 10931 | D:8      | Gained mutation: Your skin changes colour to match your
                  | surroundings (Stealth+). [potion of mutation]
 10933 | D:8      | Noticed a boulder beetle
 10984 | D:8      | Killed a boulder beetle
 10985 | D:8      | Reached skill level 13 in Axes
 11326 | D:8      | HP: 6/135 [skeletal warrior/+2 dire flail of protection
                  | (6)]
 11327 | D:8      | HP: 1/135 [skeletal warrior/+2 dire flail of protection
                  | (5)]
 11328 | D:8      | Mangled by a skeletal warrior

Illustrated notes

Levels and vault maps discovered:
D:1:      mrwooster_arrival_statue, layout_loops_ring,
          shapermc_ecumenical_altar_hornbeckon
D:2:      layout_basic
D:3:      layout_loops_ring, slow_altar_1, kennysheep_small_spiral
D:4:      layout_loops_ring, mainiacjoe_overflow_boulevard, serial_bayou,
          serial_bayou_pond_e, serial_bayou_lagoon_a, serial_bayou_pond_c,
          serial_bayou_ford_a, serial_bayou_pond_e
D:5:      layout_rooms, amcnicky_altar_gilded, dk_yredelemnul_ordeal
D:6:      layout_rooms
D:7:      layout_rooms, temple_fountains
D:8:      cheibrodos_fzero, layout_basic, nicolae_wu_jian_wuxing_cycle,
          uniq_amaemon, uniq_grum
Temple:   nicolae_temple_bog_church

Skill      XL: |  1  2  3  4  5  6  7  8  9 10 |
---------------+-------------------------------+-----
Fighting       | 4 5 6 8 |  8.5
Armour         | 4 5 6 8 9 10 | 10.4
Axes           | 3 4 6 8 10 12 13 | 13.2
Throwing       | 1 |  1.0
Invocations    | 3 4 |  4.0
Shields        | |  3.6

Action                   |  1- 3 |  4- 6 |  7- 9 | 10-12 || total
-------------------------+-------+-------+-------+-------++-------
Melee: War axe           |    66 |    61 |   238 |    71 ||   436
       Headbutt          |     6 |     7 |    48 |    25 ||    86
Throw: Boomerang         |    20 |    16 |     8 |       ||    44
       Dart              |       |       |    13 |     1 ||    14
Invok: Heroism           |       |       |     1 |       ||     1
  Use: Scroll            |     3 |     1 |     7 |       ||    11
       Potion            |       |     4 |     5 |     5 ||    14
Armor: Scale mail        |    24 |    32 |    27 |       ||    83
       Chain mail        |       |       |   119 |    40 ||   159
Dodge: Dodged            |    23 |    26 |    82 |    12 ||   143
Block: Buckler           |    16 |    12 |    60 |     9 ||    97
